 Dungeon Crawl Stone Soup version 0.27.0-1-g7a089689b8 (webtiles) character file.

Game seed: 1530975849926430635

46665 Gunterle the Fighter (level 14, -2/108 HPs)
             Began as a Djinni Hedge Wizard on Aug 9, 2021.
             Was the Champion of Zin.
             Killed by an exploding fulminant prism (19 damage)
             ... on level 3 of the Lair of Beasts.
             The game lasted 02:41:53 (19254 turns).

Gunterle the Fighter (Djinni Hedge Wizard)         Turns: 19254, Time: 02:41:54

Health: -2/108     AC: 16    Str:  9    XL:     14   Next: 77%
Gold:   701        EV: 16    Int: 21    God:    Zin [******] SH:  0 Dex: 13

rFire    + + .     SeeInvis .   O - +8 autumn katana {vorpal, Clar}
rCold    . . .     Faith    .   (no shield)
rNeg     . . .     Spirit   .   o - +2 robe {rC+}
rPois    ∞         Reflect  .   N - +2 helmet
rElec    .         Harm     .   B - scarf {+Inv}
rCorr    .         Rampage  .   (no gloves)
Will     +....     Clarity  +   (boots unavailable)
Stlth    ++........             k - amulet of regeneration
HPRegen  1.28/turn              A - +4 ring of protection
MPRegen  0.00/turn              r - +4 ring of protection

@: flying
A: sickness immunity, fire resistance 2, cold vulnerability 1, float, innate
caster, hp casting, extra vitality 1
a: Renounce Religion, Evoke Invisibility, Recite, Vitalisation, Imprison,
Sanctuary, Donate Gold


You were on level 3 of the Lair of Beasts.
You worshipped Zin.
Zin was exalted by your worship.
You visited 4 branches of the dungeon, and saw 22 of its levels.
You also visited: Ice Cave.

You collected 2867 gold pieces.
You spent 1944 gold pieces at shops.
You donated 222 gold pieces to Zin.

Inventory:

Hand Weapons
 m - the +10 dagger "Udeokuwa" {protect, rN+++ Dex+4 Stlth-}
   (You found it on level 3 of the Lair of Beasts)

   It grants its wielder temporary protection when it strikes (+7 to AC).
   Dex:       It affects your dexterity (+4).
   rN:        It renders you almost immune to negative energy.
   Stlth:     It makes you less stealthy.
 O - the +8 autumn katana (weapon) {vorpal, Clar}
   (You bought it in a shop on level 2 of the Orcish Mines)

   It inflicts extra damage upon your enemies.
   Clar:      It protects you against confusion.
Missiles
 n - 11 boomerangs (quivered)
 C - 4 throwing nets
 T - 5 curare-tipped darts
Armour
 f - a +0 kite shield
 j - the +0 leather armour of Fakhleini {SInv}
   (You found it on level 7 of the Dungeon)

   SInv:      It lets you see invisible.
 o - a +2 robe of cold resistance (worn)
 B - a scarf of invisibility (worn)
 J - a +0 troll leather armour
 N - a +2 helmet (worn)
 S - a +1 robe of willpower
Jewellery
 k - an amulet of regeneration (around neck)
 q - a ring of resist corrosion
 r - a +4 ring of protection (right hand)
 A - a +4 ring of protection (left hand)
 U - a ring of ice
Wands
 a - a wand of paralysis (13)
 D - a wand of mindburst (16)
 I - a wand of flame (66)
 M - a wand of iceblast (20)
 P - a wand of charming (9)
 R - a wand of digging (4)
Scrolls
 b - 2 scrolls of silence
 c - a scroll of immolation
 d - 5 scrolls of magic mapping
 e - a scroll of enchant weapon
 l - 2 scrolls of teleportation
 t - a scroll of fog
 w - 2 scrolls of blinking
 Q - 7 scrolls of identify
 V - 2 scrolls of summoning
 W - 2 scrolls of holy word
Potions
 g - 2 potions of resistance
 h - a potion of lignification
 i - 11 potions of ambrosia
 p - 2 potions of attraction
 u - 6 potions of curing
 x - a potion of might
 z - a potion of berserk rage
 E - a potion of haste
 F - 2 potions of brilliance
 G - 6 potions of heal wounds
 H - a potion of cancellation
 K - a potion of mutation
Miscellaneous
 L - a lightning rod (1/4)


   Skills:
 * Level 12.3 Fighting
 - Level 1.4(4.4) Short Blades
 * Level 6.7(6.8) Long Blades
 - Level 7.6 Armour
 + Level 10.0 Dodging
 - Level 1.5 Stealth
 * Level 4.1 Shields
 * Level 10.1 Spellcasting
 + Level 7.0 Invocations
 - Level 6.5 Evocations


You had one spell level left.
You knew the following spells:

 Your Spells              Type           Power      Damage    Failure   Level
a - Magic Dart            Conj           100%       1d8       1%          1
b - Blink                 Tloc           N/A        N/A       1%          2
c - Call Imp              Summ           52%        N/A       1%          2
d - Slow                  Hex            52%        N/A       1%          2
e - Conjure Flame         Conj/Fire      52%        6-21      1%          3
f - Mephitic Cloud        Conj/Pois/Air  52%        N/A       1%          3
g - Shock                 Conj/Air       100%       1d9       1%          1
h - Wereblood             Tmut           52%        N/A       1%          2
i - Portal Projectile     Hex/Tloc       100%       N/A       1%          3
j - Summon Lightning Spi  Summ/Air       52%        N/A       1%          4
k - Fulminant Prism       Conj/Hex       26%        3d14      1%          4
l - Blade Hands           Tmut           26%        N/A       2%          5
Your spell library was empty.

Dungeon Overview and Level Annotations

Branches:
Dungeon (15/15)            Temple (1/1) D:6            Lair (4/6) D:9
  Snake (0/4) Lair:2          Orc (2/2) D:11            Elf (0/3) Orc:2
  IceCv (visited)
  Swamp: Lair:2-4    Shoals: Lair:2-4    Vaults: D:13-14     Depths: D:15

Altars:
Ashenzari
Cheibriados
Dithmenos
Elyvilon
Fedhas
Gozag
Hepliaklqana
Kikubaaqudgha
Makhleb
Nemelex Xobeh
Okawaru
Qazlal
Ru
Sif Muna
Trog
Uskayaw
Vehumet
Wu Jian
Xom
Yredelemnul
Zin
The Shining One
Beogh

Shops:
D:4 ((   D:6 *!?[   D:11 (   D:13 (   Orc:2 =(!

Annotations:
D:11 2 runed translucent doors
D:12 3 runed translucent doors, Tinen's ghost, journeyman TrMo; Uwkeq's ghost, journeyman MiFi
Orc:1 2 transporters, kuniqs's ghost, journeyman MiGl


Innate Abilities, Weirdness & Mutations

You are immune to sickness and miasma.
You are immune to poison.
Your flesh is very heat resistant. (rF++)
You are vulnerable to cold. (rC-)
You float through the air rather than walking.
You learn spells naturally, not from books.
Your magical power is your life essence.
You have superior vitality. (+4 HP)


Message History

Your fulminant prism crackles loudly.
Unknown command.
Okay, then.
You hit the catoblepas.
The catoblepas is lightly wounded.
The catoblepas gores you!!
* * * LOW HITPOINT WARNING * * *
Unknown command.
You hit the catoblepas.
The catoblepas is lightly wounded.
Your fulminant prism explodes!
The blast of energy engulfs your lightning spire!
Your lightning spire is heavily damaged.
The blast of energy engulfs the fungus!!
The fungus begins to die.
The fungus is lightly damaged.
The blast of energy engulfs the catoblepas!!
The catoblepas is heavily wounded.
Your lightning spire disappears in a puff of smoke!
The catoblepas completely misses you.
Unknown command.
Unknown command.
Casting: Summon Lightning Spire (mildly dangerous; 1% risk of failure)
Confirm with . or Enter, or press ? or * to list all spells.
Aiming: Fulminant Prism (mildly dangerous; 1% risk of failure)
Press: ? - help, Dir - move target You conjure a prism of explosive energy!
* * * LOW HITPOINT WARNING * * *
A fulminant prism comes into view.
The catoblepas breathes a plume of calcifying dust at you.
The blast of calcifying dust hits you but does no damage.
The catoblepas gores you!
* * * LOW HITPOINT WARNING * * *
Your fulminant prism crackles loudly.
Unknown command.
Your fulminant prism explodes!
The blast of energy engulfs the catoblepas!
The catoblepas is severely wounded.
The blast of energy engulfs you!!
You die...

.††#†....# #.(††....#
#.P #..####### #..
###..# ..# ## #..## #.
.$... #P..# #.P ##.#.
#...# ..# ... ##.##
##.# #.# #..# #..P ##@#
# #.## #..#####.Y#P###.
#..# ##...§§§........
#.## #....###........
###.#####..## ##.......
..#.......## ........
#...#.##..# #.......
....#.##...P# #.......
....#####.......)......


You could see a catoblepas.

Vanquished Creatures
  A fire dragon (D:15)
  5 hydras
  2 boulder beetles
  3 ogre magi (Orc:2)
  A centaur warrior (D:13)
  2 tengu warriors (D:15)
  3 two-headed ogres
  A skeletal warrior (D:11)
  2 deep elf pyromancers (D:13)
  4 ugly things
  A cyclops (D:13)
  A manticore (D:13)
  5 orc sorcerers (Orc:2)
  A centaur zombie (D:5)
  2 elephants (Lair:4)
  2 black mambas
  Joseph (D:9)
  2 cane toads
  2 rime drakes
  Psyche (D:9)
  A gargoyle (D:13)
  A kobold demonologist (D:10)
  5 komodo dragons
  2 trolls
  A queen bee (Lair:3)
  A blink frog (Lair:2)
  A hornet (D:9)
  Grinder (D:3)
  3 slime creatures
  A vampire (D:10)
  3 wyverns
  23 yaks
  A basilisk (Lair:4)
  5 vampire mosquitoes
  2 wargs
  A warg (shapeshifter) (D:13)
  A naga (Lair:2)
  11 water moccasins
  Duvessa (D:7)
  A hornet zombie (D:7)
  3 black bears
  2 sky beasts
  7 orc warriors
  3 ogres
  A centaur (D:6)
  7 wolves (Lair:2)
  A phantom (D:6)
  Blork the orc (D:4)
  7 bullfrogs
  A nameless horror (D:9)
  3 kobold brigands
  5 scorpions
  A gnoll sergeant (D:4)
  A wyvern zombie (D:9)
  2 cane toad simulacra (IceCv)
  24 killer bees
  2 electric eels (D:7)
  A howler monkey (D:11)
  5 wights
  A hound (D:5)
  A jelly (D:4)
  4 orc priests
  A centaur skeleton (D:6)
  Crazy Yiuf (D:3)
  A bullfrog skeleton (D:4)
  23 orc wizards
  3 iguanas (D:5)
  A killer bee zombie (D:7)
  A wolf simulacrum (IceCv)
  2 hound skeletons
  2 hound zombies (D:5)
  9 adders
  6 gnolls
  4 white imps
  3 worms
  3 dart slugs
  35 orcs
  12 bats
  7 endoplasms
  3 giant cockroaches
  3 hobgoblins (D:1)
  3 jackals (D:5)
  3 quokkas
  5 ball pythons
  3 frilled lizards
  7 goblins
  A jackal skeleton (D:4)
  12 kobolds
  5 rats
  A spectral goblin (D:6)
351 creatures vanquished.

Vanquished Creatures (collateral kills)
  2 hydras
  3 boulder beetles
  An ogre mage (D:11)
  A centaur warrior (D:13)
  A two-headed ogre (D:9)
  A tengu warrior (D:11)
  Nergalle (Orc:2)
  A wizard (D:14)
  3 orc sorcerers
  A manticore (D:12)
  A cyclops (D:13)
  A harpy (shapeshifter) (D:13)
  A centaur zombie (D:10)
  3 ugly things
  An elephant (Lair:4)
  A black mamba (Lair:1)
  Maggie (D:6)
  4 cane toads
  3 kobold demonologists
  2 komodo dragons
  3 trolls
  3 blink frogs (Lair:2)
  3 slime creatures
  7 yaks
  2 wyverns
  2 wraiths
  A steam dragon (D:8)
  A death yak simulacrum (IceCv)
  4 vampire mosquitoes
  A warg (shapeshifter) (D:13)
  An acid dragon (D:11)
  5 orc warriors
  4 water moccasins
  4 black bears
  A necrophage (D:4)
  An ice beast (D:5)
  A wolf (Lair:2)
  2 ogres
  3 centaurs
  A bullfrog (Lair:2)
  A gnoll sergeant (D:10)
  4 scorpions (D:6)
  Dowan (D:7)
  3 killer bees
  5 wights
  3 howler monkeys (D:12)
  A lava snake (D:8)
  A hound (D:7)
  4 orc priests
  A centaur skeleton (D:6)
  An iguana (D:7)
  6 orc wizards
  4 gnolls
  10 white imps
  22 orcs
  A jackal (D:5)
  4 kobolds
155 creatures vanquished.

Vanquished Creatures (others)
  A killer bee (Lair:3)
  114 fulminant prisms
  63 fungi
  52 plants
  6 withered plants (D:12)
236 creatures vanquished.

Grand Total: 742 creatures vanquished

Notes
Turn   | Place    | Note
-------+----------+-------------------------------------------
     0 | D:1      | Gunterle the Djinni Hedge Wizard began the quest for the
                  | Orb.
     0 | D:1      | Reached XP level 1. HP: 15/15 MP: 0/0
   614 | D:1      | Reached XP level 2. HP: 17/22 MP: 0/0
   639 | D:1      | Reached skill level 1 in Fighting
  1279 | D:1      | Reached XP level 3. HP: 27/27 MP: 0/0
  1279 | D:1      | Learned a level 1 spell: Shock
  1506 | D:2      | Found a sacrificial altar of Ru.
  1721 | D:2      | Reached XP level 4. HP: 33/33 MP: 0/0
  1834 | D:3      | Reached skill level 2 in Fighting
  1995 | D:3      | Noticed Grinder
  2021 | D:4      | Found Gaosecs's Weapon Emporium.
  2079 | D:4      | Noticed a water moccasin
  2115 | D:3      | Killed Grinder
  2116 | D:3      | Reached skill level 3 in Fighting
  2116 | D:3      | Reached XP level 5. HP: 7/40 MP: 0/0
  2116 | D:3      | Learned a level 2 spell: Wereblood
  2116 | D:3      | Reached XP level 6. HP: 8/46 MP: 0/0
  2286 | D:3      | Found a runed translucent door.
  2287 | D:3      | Noticed Crazy Yiuf
  2307 | D:3      | Killed Crazy Yiuf
  2829 | D:3      | Found a faded altar of an unknown god.
  2879 | D:4      | Noticed Blork the orc
  2885 | D:4      | Killed Blork the orc
  2886 | D:4      | Reached skill level 4 in Fighting
  2886 | D:4      | Reached XP level 7. HP: 52/52 MP: 0/0
  2886 | D:4      | Learned a level 3 spell: Portal Projectile
  3245 | D:5      | Entered Level 5 of the Dungeon
  3365 | D:4      | Found Yxarilin's Antique Weapon Emporium.
  3394 | D:4      | Found a blossoming altar of Fedhas.
  3408 | D:4      | Reached skill level 5 in Fighting
  3408 | D:4      | Reached XP level 8. HP: 59/59 MP: 0/0
  3418 | D:4      | Found a shimmering altar of Xom.
  3998 | D:5      | Reached skill level 5 in Spellcasting
  4097 | D:5      | Reached skill level 5 in Dodging
  4262 | D:5      | Reached skill level 6 in Fighting
  4262 | D:5      | Reached XP level 9. HP: 66/67 MP: 0/0
  4262 | D:5      | Learned a level 4 spell: Summon Lightning Spire
  4683 | D:5      | Reached skill level 7 in Fighting
  5164 | D:6      | Found Bogrimep's General Store.
  5190 | D:6      | Bought a scroll of noise for 12 gold pieces
  5190 | D:6      | Bought a scroll of identify for 24 gold pieces
  5197 | D:6      | Found a staircase to the Ecumenical Temple.
  5238 | Temple   | Entered the Ecumenical Temple
  5366 | Temple   | Became a worshipper of Zin the Law-Giver
  5697 | D:6      | Noticed Maggie
  5714 | D:6      | Killed Maggie
  5715 | D:6      | Reached skill level 1 in Short Blades
  5758 | D:6      | Reached * piety under Zin
  5899 | D:6      | Found Yseamom's Distillery.
  5904 | D:6      | Bought a potion of degeneration for 14 gold pieces
  5904 | D:6      | Bought a potion of brilliance for 56 gold pieces
  5918 | D:6      | Found Jibul's Antique Armour Boutique.
  6076 | D:6      | Reached skill level 1 in Invocations
  6076 | D:6      | Reached skill level 1 in Evocations
  6080 | D:6      | Reached XP level 10. HP: 68/76 MP: 0/0
  6081 | D:6      | Reached skill level 8 in Fighting
  6109 | D:6      | Found the +7 Singing Sword {vorpal, sonic wave}
  6837 | D:7      | Reached skill level 1 in Long Blades
  6976 | D:7      | Identified the +0 leather armour of Fakhleini {SInv}
  7099 | D:7      | Noticed Duvessa
  7100 | D:7      | Noticed Dowan
  7115 | D:7      | Killed Duvessa
  7120 | D:7      | Killed Dowan
  7157 | D:6      | Found Xiteguack's Magic Scroll Emporium.
  7168 | D:6      | Bought a scroll of enchant armour for 82 gold pieces
  7205 | D:6      | Reached skill level 1 in Armour
  7244 | D:6      | Found a hazy altar of Hepliaklqana.
  7916 | D:7      | Reached ** piety under Zin
  8153 | D:8      | Identified the +8 flail "Cupij" {drain, Int+2}
  8571 | D:8      | Reached *** piety under Zin
  9236 | D:9      | Noticed a two-headed ogre
  9328 | D:9      | Noticed Psyche
  9350 | D:9      | Killed Psyche
  9377 | D:9      | Found a burning altar of Makhleb.
  9384 | D:9      | Noticed Joseph
  9396 | D:9      | Killed Joseph
  9509 | D:9      | Identified the +3 leather armour of the Salamander {+Blink
                  | Dex+4}
  9555 | D:9      | Found a staircase to the Lair.
  9588 | D:9      | Killed a two-headed ogre
  9589 | D:9      | Reached skill level 9 in Fighting
  9589 | D:9      | Reached XP level 11. HP: 82/84 MP: 0/0
  9589 | D:9      | Learned a level 4 spell: Fulminant Prism
  9698 | D:9      | Noticed a deep elf zephyrmancer
  9699 | D:9      | Noticed a centaur warrior
  9702 | D:9      | Noticed a cyclops
  9986 | D:9      | Found an iron altar of Okawaru.
 10241 | D:6      | Bought a potion of resistance for 140 gold pieces
 10356 | D:6      | Bought a scroll of identify for 22 gold pieces
 10356 | D:6      | Bought a scroll of identify for 22 gold pieces
 10356 | D:6      | Bought a scroll of identify for 22 gold pieces
 10356 | D:6      | Bought a scroll of magic mapping for 38 gold pieces
 10357 | D:6      | Identified a scroll of acquirement
 10359 | D:6      | Acquired 1223 gold pieces
 10360 | D:6      | Reached **** piety under Zin
 10360 | D:6      | Reached ***** piety under Zin
 10476 | D:6      | Bought 2 potions of attraction for 84 gold pieces
 10632 | D:10     | Entered Level 10 of the Dungeon
 11502 | D:11     | Found a staircase to the Orcish Mines.
 11502 | D:11     | Noticed an eight-headed hydra
 11511 | D:11     | Killed an eight-headed hydra
 11537 | D:11     | Found a large runed translucent door.
 11539 | D:11     | Found a large runed translucent door.
 11553 | D:11     | Found a large runed translucent door.
 11553 | D:11     | Found a large runed translucent door.
 11553 | D:11     | You are sucked into a shaft and drop 2 floors!
 11553 | D:13     | Found Wemeczon's Antique Weapon Emporium.
 11571 | D:13     | Noticed a centaur warrior
 11632 | D:13     | Noticed a boulder beetle
 11643 | D:13     | Noticed a harpy
 11643 | D:13     | a hornet changed into a harpy
 11653 | D:13     | Killed a harpy
 11659 | D:13     | Killed a boulder beetle
 11660 | D:13     | Reached skill level 5 in Armour
 11698 | D:13     | Noticed a centaur warrior
 11702 | D:13     | Noticed a six-headed hydra
 11721 | D:13     | Killed a six-headed hydra
 11722 | D:13     | Reached XP level 12. HP: 73/91 MP: 0/0
 11790 | D:12     | Noticed a boulder beetle
 11792 | D:12     | Noticed a six-headed hydra
 11821 | D:12     | Killed a boulder beetle
 11822 | D:12     | Reached skill level 10 in Fighting
 11927 | D:12     | Noticed a two-headed ogre
 11942 | D:12     | Killed a two-headed ogre
 12002 | D:12     | Noticed a two-headed ogre
 12013 | D:12     | Killed a two-headed ogre
 12044 | D:12     | Killed a six-headed hydra
 12093 | D:12     | Found a runed translucent gate.
 12096 | D:12     | Found a runed translucent gate.
 12096 | D:12     | Found a runed translucent gate.
 12103 | D:12     | Noticed Tinen's ghost (journeyman TrMo)
 12104 | D:12     | Noticed Uwkeq's ghost (journeyman MiFi)
 12133 | D:11     | Found Qiyny's Antique Weapon Shoppe.
 12368 | D:11     | Reached skill level 5 in Invocations
 12489 | D:11     | Noticed a boulder beetle
 12506 | D:11     | Killed a boulder beetle
 12507 | D:11     | Noticed a tengu warrior
 12512 | D:11     | Noticed an eight-headed hydra
 12519 | D:11     | Killed a tengu warrior
 12520 | D:11     | Reached skill level 5 in Evocations
 12545 | D:11     | Killed an eight-headed hydra
 12629 | D:11     | Noticed a two-headed ogre
 12639 | D:11     | Killed a two-headed ogre
 12708 | D:11     | Noticed an ogre mage
 12720 | D:11     | Killed an ogre mage
 13490 | D:12     | Reached XP level 13. HP: 80/98 MP: 0/0
 13490 | D:12     | Learned a level 5 spell: Blade Hands
 13920 | D:13     | You are sucked into a shaft and drop 2 floors!
 13920 | D:15     | Entered Level 15 of the Dungeon
 13922 | D:15     | Noticed a boulder beetle
 14021 | D:15     | Reached skill level 11 in Fighting
 14036 | D:15     | Noticed a fire dragon
 14070 | D:15     | Killed a fire dragon
 14398 | D:15     | Noticed a boulder beetle
 14418 | D:15     | Killed a boulder beetle
 14464 | D:15     | Reached skill level 5 in Long Blades
 14505 | D:15     | Killed a boulder beetle
 14678 | D:15     | Reached ****** piety under Zin
 14977 | D:13     | Killed a centaur warrior
 15211 | D:13     | Killed a centaur warrior
 15473 | Orc:1    | Entered Level 1 of the Orcish Mines
 15653 | Orc:2    | Entered Level 2 of the Orcish Mines
 15767 | Orc:2    | Found a staircase to the Elven Halls.
 15875 | Orc:1    | Found a transporter.
 15875 | Orc:1    | Noticed kuniqs's ghost (journeyman MiGl)
 15907 | Orc:1    | Found a transporter.
 16460 | Orc:2    | Noticed an ogre mage
 16464 | Orc:2    | Killed an ogre mage
 16536 | Orc:2    | Found Lumenubb's Distillery.
 16551 | Orc:2    | Bought a potion of cancellation for 104 gold pieces
 16569 | Orc:2    | Found Duben's Antique Weapon Emporium.
 16582 | Orc:2    | Reached XP level 14. HP: 100/106 MP: 0/0
 16603 | Orc:2    | Bought the +8 autumn katana {vorpal, Clar} for 1324 gold
                  | pieces
 16603 | Orc:2    | Found the +8 autumn katana {vorpal, Clar}
 16616 | Orc:2    | Noticed Nergalle
 16622 | Orc:2    | Killed Nergalle
 16663 | Orc:2    | Reached skill level 1 in Shields
 16717 | Orc:2    | Found Jegosmon's Jewellery Emporium.
 16719 | Orc:2    | Found Uqepy's Book Shoppe.
 17158 | Lair:1   | Entered Level 1 of the Lair of Beasts
 18021 | Lair:2   | Reached skill level 12 in Fighting
 18123 | Lair:2   | Found a frozen archway.
 18134 | IceCv    | Entered an ice cave
 18139 | IceCv    | Found a transporter.
 18180 | IceCv    | Found a transporter.
 18210 | Lair:2   | Found a staircase to the Snake Pit.
 18779 | Lair:3   | Reached skill level 10 in Spellcasting
 19021 | Lair:3   | Identified the +10 dagger "Udeokuwa" {protect, rN+++ Dex+4
                  | Stlth-}
 19068 | Lair:3   | You are sucked into a shaft and drop 1 floor!
 19178 | Lair:3   | Reached skill level 10 in Dodging
 19254 | Lair:3   | Killed by an exploding fulminant prism

Illustrated notes

Levels and vault maps discovered:
D:1:      tarquinn_simple_flora_water_c, layout_basic, minmay_fountain_box,
          hex_intersection, minmay_pentomino_z2
D:2:      minmay_evil_eye, layout_rooms, kennysheep_flooded_box
D:3:      layout_loops_ring, shapermc_ecumenical_altar_petra, hex_medium,
          uniq_crazy_yiuf_cottage, uniq_grinder
D:4:      layout_loops_ring, minitemple, serial_aquarium,
          aquarium_bridge_long_joined [aquarium_subvault_bridge,
          aquarium_subvault_wall, aquarium_subvault_window,
          aquarium_subvault_balcony, aquarium_subvault_wall,
          aquarium_subvault_bridge], aquarium_bridge_square
          [aquarium_subvault_balcony, aquarium_subvault_bridge,
          aquarium_subvault_wall, aquarium_subvault_bridge],
          aquarium_window_double, aquarium_window_1, aquarium_window_corner,
          aquarium_view_2c, aquarium_view_2e, aquarium_balcony_1a,
          aquarium_pool_split, serial_shops, kennysheep_mini,
          nicolae_shop_stone, guppyfry_early_orc_mine, uniq_blork_the_orc
D:5:      layout_loops_ring, chequers_garden, roderic_roman_lattice
D:6:      old_forge, layout_basic, nicolae_hepliaklqana_monster_ancestors,
          minmay_temple_entry_sparse_star, serial_corexii_hall,
          chequers_hall_statues_wall_a, corexii_hall_statues_s,
          chequers_hall_statues_corner_a, serial_shops,
          nicolae_shop_competitors_out_of_business, shop, kennysheep_little_box,
          shop_fountains, nicolae_lava_and_water, minmay_misc_feat_chi,
          st_stairs_1, uniq_maggie
D:7:      layout_loops_corners, chequers_serial_rivers_room_b,
          amcnicky_mini_rare_corridor_liquid, minivault_10, grunt_ministairs_9,
          nicolae_water_bricks, uniq_duvessa
D:8:      layout_loops_cross, serial_glass, glass_columns_a, glass_columns_c,
          minmay_strange_pillars, minmay_strange_pillars, kennysheep_donut
D:9:      layout_gridville, bloody_makhleb, mainiacjoe_overflow_divided_tiny,
          due_lair_maze_entry_diamond, onia_ninara_dug_in_and_dangerous,
          uniq_joseph, uniq_psyche
D:10:     layout_long_grid
D:11:     layout_roguey, serial_shops, shop, minmay_hollow_rounded_squares
D:12:     layout_rooms, gammafunk_ghost_cemetery
D:13:     kennysheep_six_static_rooms, layout_cave_pools, serial_column_ruins,
          column_ruins_square_huge, column_ruins_circle_small,
          column_ruins_columns_corner, column_ruins_open_medium,
          column_ruins_columns_plus, column_ruins_open_tiny,
          column_ruins_columns_straight, serial_shops, shop
D:14:     layout_cave_pools, david_vaults_2, lemuel_blue_sif_altar,
          minmay_misc_feat_columns, kennysheep_two_boxes
D:15:     grunt_enter_depths_hoard, layout_long_grid, corexii_hall_statues_i,
          evilmike_ruin_ashenzari
Temple:   nicolae_temple_elliptical
Lair:1:   layout_long_grid, infiniplex_staircase_pool_2, grunt_megastairs_4
Lair:2:   layout_long_grid, guppyfry_snake_entry_island,
          portal_ice_cave_entry_imps, grunt_megastairs_5
Lair:3:   layout_small_grid, special_room [special_room_bee]
Lair:4:   layout_roguey, minmay_swamp_entry_worms, grunt_megastairs_3
Orc:1:    layout_caves, gammafunk_ghost_stat_death
Orc:2:    kennysheep_orc_mage_school, layout_caves

Skill      XL: |  1  2  3  4  5  6  7  8  9 10 11 12 13 14 |
---------------+-------------------------------------------+-----
Fighting       | 1 3 4 5 6 7 9 10 11 12 | 12.3
Spellcasting   | 3 4 5 6 7 8 9 10 | 10.1
Dodging        | 3 4 5 6 7 8 9 10 | 10.0
Short Blades   | 1 |  1.4
Invocations    | 1 3 4 5 6 7 |  7.0
Evocations     | 1 2 4 5 6 |  6.5
Long Blades    | 2 3 4 5 6 |  6.7
Armour         | 3 5 6 7 |  7.6
Shields        | 4 |  4.1
Stealth        | |  1.5

Action                   |  1- 3 |  4- 6 |  7- 9 | 10-12 | 13-15 || total
-------------------------+-------+-------+-------+-------+-------++-------
Melee: Dagger            |     3 |    19 |     6 |       |       ||    28
       Short sword       |       |       |    28 |       |       ||    28
       Falchion          |       |       |       |   141 |   128 ||   269
       Double sword      |       |       |       |     2 |       ||     2
       Katana            |       |       |       |       |   108 ||   108
Throw: Boomerang         |       |       |     7 |     1 |       ||     8
 Cast: Magic Dart        |    69 |    26 |    23 |    14 |       ||   132
       Shock             |    12 |    35 |   125 |   175 |    63 ||   410
       Call Imp          |       |     4 |     4 |       |       ||     8
       Slow              |       |     1 |       |       |       ||     1
       Conjure Flame     |       |       |    10 |    37 |    11 ||    58
       Mephitic Cloud    |       |       |    12 |    64 |    60 ||   136
       Blink             |       |       |     2 |    13 |     3 ||    18
       Summon Lightning  |       |       |    25 |    91 |    94 ||   210
       Fulminant Prism   |       |       |       |    32 |    82 ||   114
Evoke: Wand              |       |     9 |    13 |     6 |    12 ||    40
       Lightning rod     |       |       |       |     8 |     6 ||    14
  Use: Scroll            |       |     5 |     2 |    15 |     5 ||    27
       Potion            |       |     1 |       |       |       ||     1
 Stab: Sleeping          |       |       |     1 |       |       ||     1
       Distracted        |       |       |     1 |       |       ||     1
       Confused          |       |       |     3 |    16 |     5 ||    24
Armor: Robe              |       |     7 |    48 |    39 |    28 ||   122
       Leather armour    |       |       |       |    22 |    61 ||    83
       Troll leather arm |       |       |       |     4 |    20 ||    24
Dodge: Dodged            |     8 |    15 |    73 |   211 |   255 ||   562
       Rpst.: Falchion   |       |       |       |    50 |    48 ||    98
       Katana            |       |       |       |       |    35 ||    35
